Match 42410192
Unlisted

Match 42410192
End
Royal Engineer Section
Construct Section Command Post
Selects Air and Sea Battlegroup
Infantry Section
Dingo Light Scout Car
Infantry Section
Construct Platoon Command Post
Humber Armored Car
Selects Commando Section Paradrop
Selects M1 Pack Howitzer Paradrop
Infantry Training
Unlock M3 Stuart Light Tanks
M3 Stuart Light Tank
Construct Field Infirmary
Commando Section Paradrop
M3 Stuart Light Tank
M3 Stuart Light Tank
Commando Section Paradrop
Selects Anti-tank Rocket Loiter
Anti-tank Rocket Loiter
Grenade Package
Construct Company Command Post
Selects Naval Blockade
Selects UNKNOWN (223837)
Crusader II Medium Tank
Crusader II Medium Tank
Anti-tank Rocket Loiter
Crusader II Medium Tank
Selects Naval Bombardment
Armored Vehicle Training
Naval Bombardment
Crusader II Medium Tank
Crusader II Medium Tank
Commando Section Paradrop
Crusader II Medium Tank
Anti-tank Rocket Loiter
Crusader II Medium Tank
Crusader II Medium Tank
Paralyzer
Grand.G
0
0

Comments sign in to comment!

No comments posted yet!